AoeStats
← pedrocfajardo

Arabia

505940115Analyzed
3v3 RM · 22d ago on Sep 11, 2026· 72m 46s· 6 players
Game mode
Random Map
Map size
Normal (6 player)
Population
200
Speed
Normal
Resources
Standard
Victory
Conquest
Starting age
Dark Age
Ending age
Imperial Age
RankedLock teamsTeams togetherTeam positionsShared explorationLock speedFull tech treeHidden civsTurbo modeCheats
Victory
Defeat
🇧🇷 Ethiopians · Brazil
768
+10
🇧🇷 Hindustanis · Brazil
733
+18
🇧🇷 Saracens · Brazil
715
+25
🇺🇸 Portuguese · United States
659
-12
🇮🇳 Burmese · India
648
-12
🇺🇸 Koreans · United States
564
-9
IBekson
7:09 Loom
12:44 Feudal Age
14:51 Double-Bit Axe
17:24 Gold Mining
22:40 Wheelbarrow
24:28 Castle Age
25:13 Fletching
25:24 Padded Archer Armor
25:35 Forging
25:26 Scale Mail Armor
25:34 Scale Barding Armor
25:22 Man-at-Arms
26:46 Bow Saw
31:32 Bodkin Arrow
31:54 Leather Archer Armor
36:07 Crossbowman
36:54 Thumb Ring
37:05 Thumb Ring
40:56 Elite Skirmisher
44:32 Imperial Age
43:32 Caravan
46:35 Bloodlines
46:27 Husbandry
50:46 Iron Casting
51:20 Conscription
54:22 Chemistry
53:37 Fortified Wall
53:49 Ballistics
55:35 Arbalester
betalbaadshah
0:52 Loom
14:07 Feudal Age
15:09 Horse Collar
16:40 Wheelbarrow
16:32 Town Watch
18:45 Stone Mining
22:41 Castle Age
22:32 Gold Mining
22:58 Forging
22:49 Scale Mail Armor
22:54 Scale Barding Armor
24:13 Caravan
30:45 Hand Cart
31:54 Gold Shaft Mining
33:08 Town Patrol
37:17 Imperial Age
38:20 Chain Barding Armor
41:00 Heavy Plow
43:03 Bloodlines
42:54 Husbandry
42:18 Cavalier
44:03 Elite Battle Elephant
44:11 Capped Ram
48:41 Conscription
48:21 Howdah
49:42 Plate Barding Armor
50:06 Guilds
55:43 Elite Arambai
56:24 Manipur Cavalry
60:26 Light Cavalry
Forsaken__King
1:16 Loom
12:06 Feudal Age
12:35 Double-Bit Axe
14:05 Wheelbarrow
16:17 Horse Collar
21:31 Man-at-Arms
24:08 Fletching
24:21 Scale Mail Armor
27:43 Castle Age
28:41 Bow Saw
30:25 Elite Skirmisher
31:11 Thumb Ring
31:04 Bodkin Arrow
31:22 Forging
33:14 Heavy Plow
33:08 Gold Mining
33:11 Stone Mining
35:18 Squires
34:39 Pikeman
35:38 Chain Mail Armor
39:06 Imperial Age
38:21 Eupseong
38:22 Crossbowman
40:15 Bracer
40:56 Gold Shaft Mining
41:25 Two-Man Saw
41:26 Hand Cart
42:05 Ballistics
41:58 Fortified Wall
43:55 Arbalester
pedrocfajardo
18:32 Feudal Age
19:04 Horse Collar
20:02 Wheelbarrow
19:58 Gold Mining
19:59 Stone Mining
21:52 Bloodlines
30:26 Castle Age
29:47 Scale Barding Armor
30:21 Double-Bit Axe
31:54 Hand Cart
31:51 Bow Saw
32:52 Husbandry
33:01 Heavy Plow
37:59 Imperial Age
36:29 Fervor
38:30 Town Watch
38:25 Elite Mameluke
39:51 Heavy Camel Rider
40:59 Chain Barding Armor
40:49 Forging
41:33 Conscription
42:15 Caravan
57:53 Hoardings
59:42 Hoardings
Marksofthe
6:16 Loom
11:12 Feudal Age
14:09 Double-Bit Axe
14:37 Fletching
22:59 Castle Age
21:21 Gold Mining
21:22 Stone Mining
23:27 Crossbowman
24:12 Thumb Ring
24:09 Bodkin Arrow
27:34 Thumb Ring
29:16 Wheelbarrow
28:55 Bow Saw
31:01 Hand Cart
33:11 Gold Shaft Mining
33:13 Stone Shaft Mining
35:25 Horse Collar
36:46 Heavy Plow
42:23 Imperial Age
40:42 Padded Archer Armor
42:55 Arbalester
43:37 Bracer
43:54 Leather Archer Armor
45:30 Chemistry
45:14 Elite Skirmisher
47:18 Town Watch
49:54 Ring Archer Armor
52:49 Elite Shotel Warrior
55:40 Arson
56:08 Forging
58:22 Heavy Cavalry Archer
65:43 Ballistics
68:36 Spies/Treason
matheuscfajardo
5:23 Loom
10:42 Feudal Age
11:42 Double-Bit Axe
12:42 Horse Collar
24:59 Castle Age
24:43 Gold Mining
24:43 Stone Mining
25:21 Elite Skirmisher
26:42 Gold Shaft Mining
26:42 Stone Shaft Mining
29:15 Heavy Plow
32:23 Bow Saw
34:35 Thumb Ring
38:54 Fletching
39:10 Scale Barding Armor
42:01 Imperial Age
40:11 Fortified Wall
40:06 Town Watch
42:28 Ballistics
42:47 Scale Mail Armor
42:52 Padded Archer Armor
42:48 Bodkin Arrow
43:14 Chain Barding Armor
44:17 Heavy Camel Rider
44:58 Husbandry
45:09 Bloodlines
45:05 Husbandry
45:15 Bloodlines
46:35 Plate Barding Armor
46:10 Forging
46:01 Bracer
46:17 Leather Archer Armor
47:17 Two-Man Saw
47:47 Murder Holes
48:02 Masonry
50:46 Imperial Camel Rider
52:27 Hoardings
51:59 Town Patrol
54:03 Wheelbarrow
54:28 Iron Casting
54:23 Ring Archer Armor
68:03 Hand Cart
67:51 Scale Mail Armor
68:51 Blast Furnace
68:55 Two-Man Saw
67:20 Pikeman
67:21 Man-at-Arms
67:47 Arson
68:04 Squires
67:26 Heavy Cavalry Archer
67:27 Crossbowman
68:18 Siege Engineers
68:23 Careening
67:36 Light Cavalry
Connection lost

Rejoining the realm…

Still unreachable

The connection could not be restored.

Session expired

The server has moved on; the page needs a fresh start.